 Dungeon Crawl Stone Soup version 0.30.1-3-gfc49f6343a (webtiles) character file.

Game seed: 1264065515231463793

51 Anriel the Magician (level 3, 0/19 HPs)
             Began as a Deep Elf Hedge Wizard on July 18, 2023.
             Slain by a jelly (3 damage)
             ... on level 2 of the Dungeon.
             The game lasted 00:08:21 (1363 turns).

Anriel the Magician (Deep Elf Hedge Wizard)         Turns: 1363, Time: 00:08:22

Health: 0/19       AC: -5    Str:  7    XL:     3   Next: 57%
Magic:  6/10       EV: 13    Int: 23    God:
Gold:   91         SH:  0    Dex: 14    Spells: 4/10 levels left

rFire   . . .        e - staff of conjuration "Fuck" {Int+3}
rCold   . . .        (no shield)
rNeg    . . .        b - +0 robe
rPois   .            c - +0 hat
rElec   .            (no cloak)
rCorr   .            (no gloves)
SInv    .            h - +0 pair of boots
Will    .....        (no amulet)
Stlth   ++           (no ring)
HPRegen 0.23/turn    (no ring)
MPRegen 0.12/turn

%: no passive effects
@: corroded, very slightly contaminated
A: no striking features
a: no special abilities


You were on level 2 of the Dungeon.
You visited 1 branch of the dungeon, and saw 2 of its levels.

You collected 91 gold pieces.

Inventory:

Hand Weapons
 a - a +0 dagger
Armour
 b - a +0 robe (worn)
 c - a +0 hat (worn)
 h - a +0 pair of boots (worn)
 l - a +0 helmet
Magical Staves
 e - the staff of conjuration "Fuck" (weapon) {Int+3}
   (You acquired it on level 1 of the Dungeon)

   [staff of conjuration]

   Base accuracy: +5 Base damage: 5 Base attack delay: 1.2 This weapon's minimum
   attack delay (0.6) is reached at skill level 12.
   Int:       It affects your intelligence (+3).
   It falls into the 'Staves' category.
   It is a one-handed weapon.
Scrolls
 k - 2 scrolls of poison {unknown}
 n - a scroll of identify {unknown}
Potions
 d - a potion of magic
 f - a potion of mutation {unknown}
 g - a potion of attraction {unknown}
 i - a potion of degeneration {unknown}
 j - 3 potions of brilliance {unknown}
 m - 2 potions of might {unknown}


   Skills:
 + Level 3.1 Dodging
 + Level 3.3 Stealth
 - Level 4.4 Spellcasting
 * Level 2.8 Conjurations
 - Level 1.1 Summonings
 - Level 1.1 Translocations


You had 4 spell levels left.
You knew the following spells:

 Your Spells              Type           Power      Damage    Failure   Level
a - Magic Dart            Conj           100%       1d8       3%          1
b - Slow                  Hex            20%        N/A       10%         1
c - Blink                 Tloc           20%        N/A       10%         2
d - Call Imp              Summ           20%        N/A       10%         2

Your spell library contained the following spells:

 Spells                   Type           Power      Damage    Failure   Level
 Cigotuvi's Dreadful Rot  Necr/Pois/Air  10%        N/A       16%         2
 Mephitic Cloud           Conj/Pois/Air  14%        N/A       21%         3


Dungeon Overview and Level Annotations

Branches:
Dungeon (2/15)

Altars:


Message History

You open the door.
Found 3 gold pieces.
There is an open door here.
You now have 91 gold pieces (gained 3).
A jelly comes into view.
a - a +0 dagger (weapon)
Found a stone staircase leading up.
The helpless jelly fails to defend itself.
You puncture the jelly! The acid corrodes you!
Your hands burn!
The jelly is severely wounded.
The jelly hits you.
You are splashed with acid.
You feel clever.
e - the staff of conjuration "Fuck" (weapon)
{Int+3} The jelly hits you.
The acid corrodes you!
You are splashed with acid!
* * * LOW HITPOINT WARNING * * *
Okay, then.
Okay, then.
Casting: Magic Dart (safe; 3% risk of failure)
Confirm with . or Enter, or press ? or * to list all spells.
Aiming: Slow (safe; 10% risk of failure)
Press: ? - help, Shift-Dir - straight line, f - jelly
Aim: a jelly (severely wounded, chance to affect: 48%)
Okay, then.
Casting: Slow (safe; 10% risk of failure)
Confirm with . or Enter, or press ? or * to list all spells.
You blink.
The jelly barely misses you.
Okay, then.
You feel stable enough to blink again.
Casting: Blink (safe; 10% risk of failure)
Confirm with . or Enter, or press ? or * to list all spells.
Aiming: Slow (safe; 10% risk of failure)
Press: ? - help, Shift-Dir - straight line, f - jelly
Aim: a jelly (severely wounded, chance to affect: 48%)
Okay, then.
Casting: Slow (safe; 10% risk of failure)
Confirm with . or Enter, or press ? or * to list all spells.
You miscast Blink.
You are very lightly contaminated with residual magic.
Nothing appears to happen.
The jelly hits you.
You die...

#.........####...#
##.......## ##.##
#######.....##
#....
#..........##
#.### #.#######.##
#.### #.# #.#
#.##. #.###.#####
### #####
#.......J.#
#####.###@#
#.<.....#
#####.#.# #.....
#.. ... #####...♣
#♣♣♣ ### #####


You could see a jelly.

Vanquished Creatures
  2 adders (D:2)
  2 ball pythons
  2 endoplasms (D:1)
  3 giant cockroaches
  5 hobgoblins
  3 jackals (D:1)
  3 bats (D:1)
  A frilled lizard (D:1)
  3 goblins (D:1)
  2 kobolds
  3 rats
29 creatures vanquished.

Notes
Turn   | Place    | Note
-------+----------+-------------------------------------------
     0 | D:1      | Anriel the Deep Elf Hedge Wizard began the quest for the
                  | Orb.
     0 | D:1      | Reached XP level 1. HP: 10/10 MP: 7/7
   297 | D:1      | Found a faded altar of an unknown god.
   328 | D:1      | Reached XP level 2. HP: 15/15 MP: 5/9
   495 | D:1      | Learned a level 1 spell: Slow
   502 | D:1      | Learned a level 2 spell: Blink
   505 | D:1      | Learned a level 2 spell: Call Imp
   891 | D:1      | Identified a scroll of acquirement
   891 | D:1      | Acquired the staff of conjuration "Fuck" {Int+3}
  1014 | D:2      | Reached XP level 3. HP: 19/19 MP: 6/10
  1363 | D:2      | Slain by a jelly

Illustrated notes

Levels and vault maps discovered:
D:1:      matt_arrival_debris, layout_rooms,
          shapermc_ecumenical_altar_hornbeckon, kennysheep_decorative_pillar
D:2:      layout_loops_corners, minmay_misc_feat_plants, uniq_crazy_yiuf_cottage

Skill      XL: |  1  2 |
---------------+-------+-----
Conjurations   | 2 |  2.8
Stealth        | 3 |  3.3
Dodging        | 3 |  3.1
Spellcasting   | |  4.4
Summonings     | |  1.1
Translocations | |  1.1

Action                     || total
---------------------------++-------
  Melee: Dagger            ||     2
   Cast: Magic Dart        ||    58
         Blink             ||     1
    Use: Scroll            ||     3
   Stab: Sleeping          ||     1
 Armour: Robe              ||     5
  Dodge: Dodged            ||    16
